 Dungeon Crawl Stone Soup version 0.25.0-65-g31bcc41 (webtiles) character file.

1526 Dorkslayer the Covered (level 8, -4/52 HPs)
             Began as a Gargoyle Fighter on Nov 1, 2020.
             Slain by an ogre
             ... wielding a +0 giant club
              (16 damage)
             ... on level 1 of the Dungeon.
             The game lasted 00:02:35 (759 turns).

Dorkslayer the Covered (Gargoyle Fighter)            Turns: 759, Time: 00:02:35

Health: -4/52      AC: 13    Str: 28    XL:     8   Next: 85%
Magic:  0/8        EV:  9    Int:  8    God:
Gold:   77         SH: 11    Dex:  9    Spells: 7/7 levels left

rFire    . . .     SeeInvis .   a - +0 long sword
rCold    . . .     Gourm    .   c - +0 shield
rNeg     + . .     Faith    .   b - +0 scale mail
rPois    ∞         Spirit   +   (no helmet)
rElec    +         Reflect  .   (no cloak)
rCorr    .         Harm     .   (no gloves)
MR       .....                  (no boots)
Stlth    ..........             p - amulet of guardian spirit
HPRegen  0.17/turn              (no ring)
MPRegen  0.11/turn              (no ring)

@: mighty
A: negative energy resistance 1, electricity resistance, unbreathing,
petrification resistance, rot immunity, AC +5
a: no special abilities


You were on level 1 of the Dungeon.
You were not hungry.

You visited 1 branch of the dungeon, and saw 1 of its levels.

You collected 77 gold pieces.

Inventory:

Hand Weapons
 a - a +0 long sword (weapon)
Armour
 b - a +0 scale mail (worn)
 c - a +0 shield (worn)
Jewellery
 p - an amulet of guardian spirit (around neck)
Scrolls
 e - a scroll of immolation {unknown}
 k - a scroll of identify {unknown}
 l - a scroll of enchant armour {unknown}
 m - a scroll of fog {unknown}
 n - a scroll of magic mapping {unknown}
Potions
 h - a potion of heal wounds {unknown}
 i - a potion of berserk rage {unknown}
 j - a potion of cancellation
 o - a potion of flight {unknown}
Comestibles
 f - a ration
 g - 2 chunks of flesh


   Skills:
 + Level 6.3 Fighting
 + Level 4.6 Long Blades
 + Level 7.0 Armour
 + Level 1.2 Dodging
 + Level 0.5 Stealth
 + Level 7.0 Shields


You had 7 spell levels left.
You didn't know any spells.
Your spell library was empty.

Dungeon Overview and Level Annotations

Branches:
Dungeon (1/3)              Temple (0/1) D:1

Altars:
Elyvilon
Kikubaaqudgha


Innate Abilities, Weirdness & Mutations

You are resistant to torment.
Your stone body is resilient. (AC +5)
You are immune to poison.
You resist negative energy. (rN+)
You are resistant to electric shocks. (rElec)
You can survive without breathing.
You are immune to petrification.
You are immune to rotting.


Message History

The ogre hits you with a +0 giant club!
The orc wizard hits you but does no damage.
The orc priest hits you but does no damage.
You barely miss the orc priest.
The orc priest is moderately wounded.
The orc wizard barely misses you.
You riposte.
You slash the orc wizard!
You kill the orc wizard!
The ogre hits you with a +0 giant club.
The orc priest hits you but does no damage.
You slice the orc priest!!
You kill the orc priest!
Your Armour skill increases to level 7!
Your Shields skill increases to level 7!
The ogre hits you with a +0 giant club!
* * * LOW HITPOINT WARNING * * *
Unknown command.
You slash the ogre!
The ogre is moderately wounded.
The ogre hits you with a +0 giant club!!
You die...

#.#
#.######.###.#.######..##
#.# #...# #.# #.#.######
.# #.# ###)#
#.###........# # #.# #.#
#(....#.####.# #.# #.#
#####.#.# #.# ##.# #.#.#
##.## #..# #####.#.##.
#...# #.## #)O......?.
#...######.# #@###.####%
........##.#####5###.###
.....>#................)
......####.######....§≈≈
#...### #.# ...≈≈§≈ #...#
#.. ..≈§≈≈≈ #.### #..#
.?§§§>≈ #.# #..# ..§≈≈≈≈
... ...# ...≈≈≈§


You could see an ogre and a crimson imp.

Vanquished Creatures
  A centaur (D:1)
  A bullfrog (D:1)
  A scorpion (D:1)
  2 orc wizards (D:1)
  2 orc priests (D:1)
  A leopard gecko (D:1)
  2 orcs (D:1)
10 creatures vanquished.

Notes
Turn   | Place    | Note
-------+----------+-------------------------------------------
     0 | D:1      | Dorkslayer the Gargoyle Fighter began the quest for the
                  | Orb.
     0 | D:1      | Reached XP level 1. HP: 14/14 MP: 1/1
     0 | D:1      | Noticed an orc wizard
     7 | D:1      | Killed an orc wizard
     7 | D:1      | Reached XP level 2. HP: 3/20 MP: 2/2
     7 | D:1      | Reached XP level 3. HP: 4/24 MP: 3/3
     7 | D:1      | Reached XP level 4. HP: 5/30 MP: 4/4
     7 | D:1      | Reached XP level 5. HP: 5/34 MP: 5/5
   311 | D:1      | Noticed a centaur
   322 | D:1      | Killed a centaur
   322 | D:1      | Reached skill level 5 in Fighting
   322 | D:1      | Reached skill level 5 in Armour
   322 | D:1      | Reached skill level 5 in Shields
   322 | D:1      | Reached XP level 6. HP: 22/40 MP: 6/6
   322 | D:1      | Reached XP level 7. HP: 24/44 MP: 7/7
   507 | D:1      | Found a white marble altar of Elyvilon.
   627 | D:1      | Reached skill level 1 in Dodging
   627 | D:1      | Reached XP level 8. HP: 34/51 MP: 8/8
   638 | D:1      | Found an ancient bone altar of Kikubaaqudgha.
   738 | D:1      | Found a staircase to the Ecumenical Temple.
   759 | D:1      | Slain by an ogre

Skill      XL: |  1  2  3  4  5  6  7  8 |
---------------+-------------------------+-----
Fighting       | 4 5 6 |  6.3
Long Blades    | 2 3 4 |  4.6
Armour         | 4 5 6 7 |  7.0
Shields        | 4 5 6 7 |  7.0
Dodging        | 1 |  1.2
Stealth        | |  0.5

Action                   |  1- 3 |  4- 6 |  7- 9 || total
-------------------------+-------+-------+-------++-------
Melee: Long sword        |     6 |    17 |    41 ||    64
  Use: Potion            |       |       |     3 ||     3
Armor: Scale mail        |     2 |     6 |    20 ||    28
Dodge: Dodged            |     1 |     6 |    11 ||    18
Block: Shield            |     6 |    15 |    23 ||    44
       Rpst.: Long sword |       |       |     5 ||     5
